 Dungeon Crawl Stone Soup version 0.29.1-15-g9cfb28693d (webtiles) character file.

Game seed: 10536328997623577838

1529 MightyFaramir the Cudgeller (level 8, -30/78 HPs)
             Began as a Troll Fighter on Mar 1, 2023.
             Was a Follower of Makhleb.
             Killed from afar by a Hell Sentinel (51 damage)
             ... with damnation
             ... on level 1 of the Abyss on Mar 3, 2023.
             The game lasted 00:41:34 (4819 turns).

MightyFaramir the Cudgeller (Troll Fighter)         Turns: 4819, Time: 00:41:35

Health: -30/78     AC:  6    Str: 27    XL:     8   Next: 55%
Magic:  7/7        EV:  9    Int: 10    God:    Makhleb [*.....]
Gold:   370        SH:  8    Dex:  9    Spells: 7/7 levels left

rFire   + . .      SeeInvis +   D - +4 hand axe of Kowed {vorpal, rF+ rCorr SInv}
rCold   . . .      Faith    .   c - +0 kite shield
rNeg    + . .      Spirit   .   o - +2 animal skin
rPois   .          Reflect  .   (helmet restricted)
rElec   .          Harm     .   (no cloak)
rCorr   +          Rampage  .   (gloves unavailable)
Will    .....                   (boots unavailable)
Stlth   +.........              (no amulet)
HPRegen 1.03/turn               j - ring of positive energy
MPRegen 0.10/turn               l - +6 ring of intelligence

@: no status effects
A: large, unfitting armour, claws 3, regeneration 1, shaggy fur 1, tough skin 1
a: Renounce Religion


You were on level 1 of the Abyss.
You worshipped Makhleb.
Makhleb was aware of your devotion.
You visited 2 branches of the dungeon, and saw 7 of its levels.
You visited the Abyss 1 time.

You collected 370 gold pieces.

Inventory:

Hand Weapons
 a - a +0 flail
 y - a +1 vampiric dagger
 D - the +4 hand axe of Kowed (weapon) {vorpal, rF+ rCorr SInv}
   (You found it on level 5 of the Dungeon)

   It inflicts extra damage upon your enemies.
   rF:        It protects you from fire.
   SInv:      It lets you see invisible.
   rCorr:     It protects you from acid and corrosion.
Armour
 b - a +0 robe
 c - a +0 kite shield (worn)
 k - a +1 pair of gloves
 o - a +2 animal skin (worn)
Magical Staves
 u - a staff of air
Jewellery
 j - a ring of positive energy (left claw)
 l - a +6 ring of intelligence (right claw)
 v - a ring of wizardry
Wands
 e - a wand of flame (11)
Scrolls
 g - 8 scrolls of teleportation
 i - 2 scrolls of blinking
 q - a scroll of fear
 w - a scroll of enchant weapon {unknown}
 x - a scroll of vulnerability {unknown}
 A - 3 scrolls of immolation
 C - a scroll of summoning {unknown}
Potions
 d - 4 potions of might
 f - 3 potions of berserk rage
 h - a potion of curing
 m - 4 potions of lignification
 p - a potion of mutation
 r - a potion of invisibility {unknown}
 s - a potion of brilliance {unknown}
 t - 4 potions of degeneration {unknown}
 z - a potion of attraction {unknown}
 B - a potion of cancellation {unknown}
 E - a potion of flight {unknown}


   Skills:
 + Level 3.8 Fighting
 * Level 0.4 Short Blades
 * Level 1.8(4.0) Axes
 * Level 6.1(6.3) Maces & Flails
 * Level 0.4(1.4) Polearms
 * Level 0.6(3.5) Staves
 * Level 0.4 Armour
 * Level 4.9 Dodging
 * Level 1.1 Stealth
 * Level 4.6 Shields


You had 7 spell levels left.
You didn't know any spells.
Your spell library contained the following spells:

 Spells                   Type           Power      Damage    Failure   Level
 Apportation              Tloc           0%         N/A       65%         1
 Magic Dart               Conj           0%         1d3       65%         1
 Searing Ray              Conj           0%         2d4       78%         2
 Fulminant Prism          Conj/Hex       0%         3d6       100%        4
 Alistair's Intoxication  Tmut/Pois      0%         N/A       100%        5


Dungeon Overview and Level Annotations

Branches:
Dungeon (6/15)             Temple (1/1) D:6

Altars:
Ashenzari
Cheibriados
Dithmenos
Fedhas
Gozag
Hepliaklqana
Kikubaaqudgha
Makhleb
Nemelex Xobeh
Okawaru
Ru
Sif Muna
Uskayaw
Vehumet
Xom
Yredelemnul
Zin
The Shining One

Shops:
D:4 :   D:5 =


Innate Abilities, Weirdness & Mutations

You are too large for most types of armour.
You have claws for hands.
Your natural rate of healing is unusually fast.
You are covered in fur. (AC +1)
You have tough skin. (AC +1)


Message History

The gnoll hits you from afar with a +0 spear!
* * * LOW HITPOINT WARNING * * *
You block the gnoll sergeant's attack.
The gnoll hits you from afar with a +0 spear.
* * * LOW HITPOINT WARNING * * *
The gnoll sergeant hits you with a +1 spear of distortion.
* * * LOW HITPOINT WARNING * * *
Space warps horribly around you.
* * * LOW HITPOINT WARNING * * *
You barely miss the gnoll sergeant.
The gnoll sergeant is lightly wounded.
The gnoll sergeant hits you with a +1 spear of distortion.
* * * LOW HITPOINT WARNING * * *
You are cast into the Abyss!
This branch contains the abyssal rune of Zot.
You start resting.
HP restored.
A starcursed mass comes into view.
A Hell Sentinel comes into view.
There are monsters nearby!
A Hell Sentinel is nearby!
The Hell Sentinel gestures at you. The iron shot hits you!!!
Ouch! That really hurt!
* * * LOW HITPOINT WARNING * * *
You feel better.
You feel better.
You hit the Hell Sentinel but do no damage.
The Hell Sentinel hits you. The Hell Sentinel hits you!
You hit the Hell Sentinel but do no damage.
The Hell Sentinel barely misses you. The Hell Sentinel closely misses you.
You hit the Hell Sentinel.
The Hell Sentinel is lightly wounded.
The Hell Sentinel hits you. x2
* * * LOW HITPOINT WARNING * * *
You slash the Hell Sentinel!
The Hell Sentinel is lightly wounded.
The Hell Sentinel gestures at you.
The sphere of damnation explodes!
The damnation engulfs you!!!
Ouch! That really hurt!
You die...

. .... .. ... .
###.# # ... ....#
##.## ...X.##
###..##....#
.........1.......#
.. ..# ###....#.#.
#. ###1....#
#.@....##
#.......#
##..##...# ####
...# ..... ..###


You could see a Hell Sentinel.

Vanquished Creatures
  Pikel (D:5)
  Sigmund (D:2)
  An ice beast (D:5)
  An ogre (D:5)
  A phantom (D:5)
  A necrophage (D:5)
  2 scorpions
  3 hounds
  3 iguanas (D:5)
  An orc wizard (D:4)
  A statue (D:3)
  2 ogre zombies (D:6)
  Robin (D:2)
  12 adders
  A gnoll (D:6)
  2 white imps (D:5)
  4 worms
  3 dart slugs
  11 orcs
  6 bats
  7 endoplasms
  A giant cockroach (D:3)
  11 goblins
  10 hobgoblins
  4 jackals (D:4)
  2 quokkas
  6 ball pythons
  3 frilled lizards
  8 kobolds
  3 rats
113 creatures vanquished.

Notes
Turn   | Place    | Note
-------+----------+-------------------------------------------
     0 | D:1      | MightyFaramir the Troll Fighter began the quest for the
                  | Orb.
     0 | D:1      | Reached XP level 1. HP: 22/22 MP: 0/0
   177 | D:1      | Found a faded altar of an unknown god.
   190 | D:1      | Reached XP level 2. HP: 29/29 MP: 1/1
   232 | D:1      | Reached skill level 2 in Maces & Flails
  1050 | D:2      | Reached XP level 3. HP: 27/36 MP: 2/2
  1137 | D:2      | Reached XP level 4. HP: 44/44 MP: 3/3
  1193 | D:2      | Noticed Robin
  1223 | D:2      | Killed Robin
  1224 | D:2      | Reached skill level 3 in Maces & Flails
  1627 | D:2      | Noticed Sigmund
  1640 | D:2      | Killed Sigmund
  1641 | D:2      | Reached skill level 4 in Maces & Flails
  1641 | D:2      | Reached XP level 5. HP: 46/53 MP: 4/4
  1641 | D:2      | Reached XP level 6. HP: 53/61 MP: 5/5
  2035 | D:3      | Found a radiant altar of Vehumet.
  2564 | D:4      | Found a broken altar of Ashenzari.
  2652 | D:4      | Found a burning altar of Makhleb.
  2657 | D:4      | Became a worshipper of Makhleb the Destroyer
  2898 | D:4      | Found Johif's Book Shoppe.
  2952 | D:4      | Reached XP level 7. HP: 67/67 MP: 6/6
  3030 | D:5      | Entered Level 5 of the Dungeon
  3105 | D:5      | Reached skill level 5 in Maces & Flails
  3288 | D:5      | Identified the +4 hand axe of Kowed {vorpal, rF+ rCorr
                  | SInv}
  3363 | D:5      | Noticed Pikel
  3381 | D:5      | Killed Pikel
  3382 | D:5      | Reached skill level 1 in Axes
  3382 | D:5      | Reached XP level 8. HP: 55/78 MP: 7/7
  3388 | D:5      | Reached * piety under Makhleb
  3389 | D:5      | Reached skill level 1 in Stealth
  3433 | D:5      | Found Pimai's Jewellery Boutique.
  3470 | D:5      | Reached skill level 6 in Maces & Flails
  4014 | D:6      | Found a staircase to the Ecumenical Temple.
  4026 | Temple   | Entered the Ecumenical Temple
  4243 | D:6      | Found a transporter.
  4256 | D:6      | Found a transporter.
  4731 | Abyss:1  | Cast into level 1 of the Abyss (gnoll sergeant)
  4806 | Abyss:1  | Noticed a starcursed mass
  4806 | Abyss:1  | Noticed a Hell Sentinel
  4819 | Abyss:1  | Killed from afar by a Hell Sentinel

Illustrated notes

Levels and vault maps discovered:
D:1:      dpeg_arrival_ternary, layout_loops_corners,
          dreamdust_ecumenical_altar_grove
D:2:      layout_loops_corners, minmay_hexomino_u4, uniq_sigmund, uniq_robin
D:3:      layout_rooms, vehumet_statue, interstate_on_off
D:4:      layout_gridville, lightli_temple_of_fire,
          mainiacjoe_overflow_boulevard, serial_shops,
          nicolae_shop_temple_entry_statues_fountains
D:5:      minmay_inner_zag, layout_basic, serial_shops,
          nicolae_shop_temple_entry_statues_fountains, uniq_pikel
D:6:      gammafunk_cloud_chamber, layout_basic, minmay_temple_entry_wispy
Temple:   eino_wide_crystal_templ
Abyss:1:  base:
D:3

Skill      XL: |  1  2  3  4  5  6  7  8 |
---------------+-------------------------+-----
Maces & Flails | 2 4 5 6 |  6.1
Shields        | 3 4 |  4.6
Dodging        | 3 4 |  4.9
Fighting       | 3 |  3.8
Axes           | 1 |  1.8
Stealth        | 1 |  1.1
Short Blades   | |  0.4
Polearms       | |  0.4
Staves         | |  0.6
Armour         | |  0.4

Action                   |  1- 3 |  4- 6 |  7- 9 || total
-------------------------+-------+-------+-------++-------
Melee: Flail             |   100 |   214 |    25 ||   339
       Hand axe          |       |       |    92 ||    92
  Use: Scroll            |       |     4 |     4 ||     8
       Potion            |       |       |     4 ||     4
 Stab: Sleeping          |     1 |     2 |       ||     3
       Distracted        |       |     1 |       ||     1
Armor: Robe              |    39 |     8 |       ||    47
       Animal skin       |       |    74 |    24 ||    98
Dodge: Dodged            |    45 |    79 |    39 ||   163
Block: Kite shield       |    38 |    85 |    36 ||   159
